 Dungeon Crawl Stone Soup version 0.31-a0-740-g87205ac768 (webtiles) character file.

Game seed: 11103612819245690746

639 LeprechaunX the Changeling (level 7, -6/46 HPs)
             Began as an Octopode Shapeshifter on Sept 12, 2023.
             Mangled by an ice beast (10 damage)
             ... on level 5 of the Dungeon.
             The game lasted 00:05:51 (4191 turns).

LeprechaunX the Changeling (Octopode Shapeshifter)  Turns: 4191, Time: 00:05:52

Health: -6/46      AC:  1    Str: 15    XL:     7   Next: 51%
Magic:  0/9        EV: 14    Int: 13    God:
Gold:   319        SH:  0    Dex: 11    Spells: 9/9 levels left

rFire   . .          .
                       - Unarmed
rCold   . . .        (no shield)
rNeg    . . .        (helmet currently unavailable)
rPois   .            s - amulet of guardian spirit
rElec   .            n - ring of flight
rCorr   .            (no ring)
SInv    .            (no ring)
Will    .....        (no ring)
Stlth   ++           (no ring)
HPRegen 0.27/turn    (no ring)
MPRegen 0.11/turn    (no ring)
                     (no ring)

%: guardian spirit
@: beast-form, flying
A: beast (slay +3), almost no armour, amphibious, 8 rings, camouflage 1,
gelatinous body 1, (nimble swimmer 1), tentacles
a: Begin Untransformation


You were on level 5 of the Dungeon.
You were a hulking beast.
You visited 1 branch of the dungeon, and saw 5 of its levels.

You collected 319 gold pieces.

Inventory:

Hand Weapons
 w - the +1 quarterstaff of Abomination {flame, rN+ Will+}
   (You found it on level 5 of the Dungeon)

   rN+:       It protects you from negative energy.
   Will+:     It increases your willpower.
Jewellery
 n - a ring of flight (left tentacle)
 s - an amulet of guardian spirit (around mantle)
Talismans
 b - a beast talisman (active)
 c - a flux talisman
 f - a talisman of death
 m - a dragon-blood talisman
Scrolls
 e - a scroll of vulnerability {unknown}
 j - a scroll of butterflies {unknown}
 k - a scroll of blinking {unknown}
 l - a scroll of immolation {unknown}
 p - 4 scrolls of enchant weapon {unknown}
 r - a scroll of noise {unknown}
 t - a scroll of poison {unknown}
 v - a scroll of revelation {unknown}
Potions
 a - 2 potions of lignification
 d - 2 potions of brilliance {unknown}
 g - 3 potions of heal wounds {unknown}
 h - a potion of mutation {unknown}
 i - 4 potions of curing {unknown}
 o - a potion of berserk rage {unknown}
 q - a potion of enlightenment {unknown}
 u - a potion of attraction {unknown}


   Skills:
 + Level 3.3 Fighting
 + Level 3.8 Dodging
 + Level 4.4 Unarmed Combat
 + Level 1.9 Spellcasting
 * Level 5.2 Shapeshifting


You had 9 spell levels left.
You didn't know any spells.
Your spell library contained the following spells:

 Spells                   Type           Power      Damage    Failure   Level
 Freeze                   Ice            4%         1d3       26%         1
 Sandblast                Erth           2%         2d4       26%         1
 Shock                    Conj/Air       4%         1d3       26%         1
 Blink                    Tloc           2%         N/A       36%         2
 Lesser Beckoning         Tloc           2%         N/A       36%         2
 Momentum Strike          Conj/Tloc      2%         3d8       36%         2
 Passwall                 Tmut/Erth      0%         N/A       36%         2
 Frozen Ramparts          Ice            2%         1d1       61%         3
 Hailstorm                Conj/Ice       1%         3d3       61%         3
 Stone Arrow              Conj/Erth      2%         3d7       61%         3
 Swiftness                Air            1%         N/A       61%         3
 Airstrike                Air            0%         2d(1-17)  95%         4


Dungeon Overview and Level Annotations

Branches:
Dungeon (5/15)
 Temple: D:4-7

Altars:
Ashenzari
Okawaru


Innate Abilities, Weirdness & Mutations

You are a hulking beast.
Your limbs bulge with bestial killing power. (Slay +3)
You cannot wear most types of armour.
You are amphibious.
You can wear up to eight rings at the same time.
Your skin changes colour to match your surroundings (Stealth+).
Your rubbery body absorbs attacks. (AC +1, EV +1)
((You are camouflaged when in or above water. (Stealth+)))
You have tentacles for arms and can constrict up to eight enemies at once.


Message History

The ice beast is moderately wounded.
The ice beast barely misses you.
You tentacle-slap the ice beast but do no damage.
The ice beast is moderately wounded.
The ice beast hits you. The ice beast freezes you!
You tentacle-slap the ice beast.
The ice beast is moderately wounded.
The ice beast completely misses you.
You tentacle-slap the ice beast but do no damage.
Your squeeze misses the ice beast.
The ice beast is moderately wounded.
The ice beast closely misses you.
You tentacle-slap the ice beast. Your squeeze misses the ice beast.
The ice beast is heavily wounded.
You tentacle-slap the ice beast. Your squeeze misses the ice beast.
The ice beast is heavily wounded.
The ice beast closely misses you.
You tentacle-slap the ice beast. You squeeze the ice beast.
The ice beast is severely wounded.
The ice beast barely misses you.
You barely miss the ice beast. Your squeeze misses the ice beast.
The ice beast is severely wounded.
The ice beast barely misses you.
You tentacle-slap the ice beast.
You squeeze the ice beast, but do no damage.
The ice beast is almost dead.
The ice beast hits you. The ice beast freezes you!
* * * LOW HITPOINT WARNING * * *
You closely miss the ice beast.
The ice beast is almost dead.
The ice beast hits you.
* * * LOW HITPOINT WARNING * * *
The ice beast freezes you.
* * * LOW HITPOINT WARNING * * *
You barely miss the ice beast.
The ice beast is severely wounded.
The ice beast hits you.
* * * LOW HITPOINT WARNING * * *
The ice beast freezes you!
You die...

#.# #.# #.# #########
# #.# #.......# #.#.##
#.####..# #....##
##.## #..#
#.#.....####...###..#
..............#.#....#
######.######h..#.##.#
#.# ##Y##. .# #.#
#.##. .# #+# #...O .#
####Y ## #. ..


You could see an ice beast.

Vanquished Creatures
  A black bear (D:4)
  Blork the orc (D:5)
  2 scorpions (D:5)
  An orc priest (D:5)
  A gnoll bouda (D:5)
  2 iguanas (D:5)
  An orc wizard (D:5)
  9 gnolls
  3 adders (D:3)
  2 white imps
  An ufetubus (D:5)
  A worm (D:5)
  4 dart slugs
  7 orcs
  7 ball pythons
  6 endoplasms
  5 giant cockroaches
  8 hobgoblins
  A jackal (D:3)
  4 quokkas
  3 bats
  A frilled lizard (D:1)
  12 goblins
  8 kobolds
  5 rats
96 creatures vanquished.

Notes
Turn   | Place    | Note
-------+----------+-------------------------------------------
     0 | D:1      | LeprechaunX the Octopode Shapeshifter began the quest for
                  | the Orb.
     0 | D:1      | Reached XP level 1. HP: 13/13 MP: 1/1
    81 | D:1      | Reached XP level 2. HP: 11/18 MP: 2/2
   297 | D:1      | Reached XP level 3. HP: 23/23 MP: 3/3
  1390 | D:3      | Reached XP level 4. HP: 29/29 MP: 4/4
  1404 | D:3      | Found a faded altar of an unknown god.
  2318 | D:4      | Reached skill level 4 in Shapeshifting
  2383 | D:4      | Reached XP level 5. HP: 34/34 MP: 5/5
  2545 | D:4      | Found an iron altar of Okawaru.
  2735 | D:4      | Found a broken altar of Ashenzari.
  2920 | D:4      | Noticed a black bear
  2928 | D:4      | Killed a black bear
  2929 | D:4      | Reached XP level 6. HP: 41/41 MP: 5/7
  2996 | D:5      | Entered Level 5 of the Dungeon
  3153 | D:5      | Noticed Blork the orc
  3164 | D:5      | Killed Blork the orc
  3165 | D:5      | Reached skill level 1 in Spellcasting
  3205 | D:5      | Noticed an ice beast
  3368 | D:5      | Identified the +1 quarterstaff of Abomination {flame, rN+
                  | Will+}
  3457 | D:5      | Reached XP level 7. HP: 44/46 MP: 7/9
  3574 | D:5      | Reached skill level 5 in Shapeshifting
  4191 | D:5      | Mangled by an ice beast

Illustrated notes

Levels and vault maps discovered:
D:1:      ncdulo_smallfort, layout_rooms, hangedman_decor_push, minmay_cupped
D:2:      layout_loops_ring
D:3:      layout_basic, chequers_ecumenical_altar_simple, minmay_unequal
D:4:      layout_gridville, lemuel_doored_altar, mainiacjoe_overflow_alcove_1
D:5:      layout_loops_corners, grunt_temple_overflow_growth_and_decay,
          hangedman_decor_growths, uniq_edmund, uniq_blork_the_orc

Skill      XL: |  1  2  3  4  5  6  7 |
---------------+----------------------+-----
Fighting       | 2 3 |  3.3
Shapeshifting  | 4 5 |  5.2
Dodging        | 3 |  3.8
Unarmed Combat | 4 |  4.4
Spellcasting   | 1 |  1.9

Action                     |  1- 3 |  4- 6 |  7- 9 || total
---------------------------+-------+-------+-------++-------
  Melee: Unarmed           |    80 |    83 |    56 ||   219
         Constrict         |    22 |    27 |    13 ||    62
         Tentacles         |    10 |    20 |    10 ||    40
         Punch             |     3 |     2 |     2 ||     7
   Stab: Sleeping          |    13 |     7 |       ||    20
 Armour: Skin              |    28 |    30 |    30 ||    88
  Dodge: Dodged            |    39 |    42 |    30 ||   111

Table legend: (Time is in decaauts)
 A = Elapsed time spent in this place.
 B = Non-inter-level travel time spent in this place.
 C = Inter-level travel time spent in this place.
 D = Time resting spent in this place.
 E = Time spent auto-exploring this place.
 F = Levels seen in this place.
 G = Mean time per level.
                   A        B        C        D        E       F      G
               +--------+--------+--------+--------+--------+-----+--------+
         Total |   4174 |   4030 |    144 |    237 |   2949 |   5 |  834.8 |
       Dungeon |   4174 |   4030 |    144 |    237 |   2949 |   5 |  834.8 |
               +--------+--------+--------+--------+--------+-----+--------+

Top non-repeatable levels by time:
     D:5: 1188 daAuts
     D:3: 844 daAuts
     D:2: 778 daAuts
     D:4: 768 daAuts
     D:1: 594 daAuts
